[Event "Early-Titled-Tuesday-Blitz-January-16-2024"]
[Site "Chess.com"]
[Date "2024.01.16"]
[Round "3"]
[White "ChampStan"]
[Black "EvgenyBurmakin"]
[Result "0-1"]
[WhiteElo "2090"]
[BlackElo "2390"]
[TimeControl "180+1"]
[EndTime "8:28:54 PST"]
[Termination "EvgenyBurmakin won by checkmate"]

1. e4 c5 2. Nf3 d6 3. d4 cxd4 4. Nxd4 Nf6 5. Nc3 a6 6. Qf3 Bg4 7. Qg3 e5 8. Nb3 h5 9. f3 h4 10. Qf2 Be6 11. Bg5 h3 12. O-O-O hxg2 13. Bxg2 Be7 14. h4 Nbd7 15. f4 Ng4 16. Qd2 f6 17. f5 Bxb3 18. axb3 fxg5 19. hxg5 Rxh1 20. Rxh1 Bxg5 21. Rh8+ Nf8 22. Kb1 Bxd2 23. Bf3 Qg5 24. Nd5 Rc8 25. Bxg4 Qxg4 26. f6 Kf7 27. fxg7 Qxg7 28.
Rh1 Ne6 29. Rf1+ Nf4 30. Nb6 Rc6 31. Nc4 Qg2 32. Rd1 Bb4 33. Ne3 Qe2 34. Rh1 Qxe3 35. Rh7+ Kg6 36. Rh2 Qg1+ 37. Ka2 Qxh2 38. c3 Bxc3 39. Ka3 Qxb2+ 40. Ka4 Qa2# 0-1

[Event "Early-Titled-Tuesday-Blitz-January-16-2024"]
[Site "Chess.com"]
[Date "2024.01.16"]
[Round "3"]
[White "mbojan"]
[Black "AGW2016"]
[Result "0-1"]
[WhiteElo "2880"]
[BlackElo "2618"]
[TimeControl "180+1"]
[EndTime "8:28:55 PST"]
[Termination "AGW2016 won by checkmate"]

1. e4 e5 2. Nf3 Nc6 3. Bb5 a6 4.
Ba4 Nge7 5. O-O Ng6 6. Re1 Be7 7. c3 O-O 8. d4 d6 9. Nbd2 h6 10.
Nf1 Bg4 11. h3 Bxf3 12. Qxf3 b5 13. Bb3 exd4 14. Ng3 dxc3 15. Qxc3 Nce5 16. f4 Nd7 17. Qc2 Nc5 18. Bd5 Rc8 19. b4 c6 20. Bxf7+ Rxf7 21.
bxc5 Nxf4 22. cxd6 Bxd6 23. Nf5 Be5 24. Bxf4 Bxf4 25.
Rad1 Qg5 26. Qb3 c5 27. Qe6 Rf8 28. Qxa6 g6 29. Nd6 Rf6 30. Qc6 Qg3 31. Qd5+ Kh7 32. Ne8 Qh2+ 33. Kf1 Bg3+ 34. Nxf6+ Rxf6+ 35. Ke2 Qxg2+ 36.
Kd3 Bxe1 37. Rxe1 Rf3+ 38. Re3 Qf1+ 39. Kd2 Rf2+ 40. Kc3 Qc1+ 41. Kb3 Qxe3+ 42. Qd3 Qxd3# 0-1

[Event "Early-Titled-Tuesday-Blitz-January-16-2024"]
[Site "Chess.com"]
[Date "2024.01.16"]
[Round "3"]
[White "Iskusnyh"]
[Black "Tolyanius"]
[Result "1-0"]
[WhiteElo "2656"]
[BlackElo "2459"]
[TimeControl "180+1"]
[EndTime "8:28:55 PST"]
[Termination "Iskusnyh won by resignation"]

1. d4 Nf6 2. c4 c5 3. d5 b5 4.
cxb5 a6 5. e3 axb5 6. Bxb5 Qa5+ 7. Nc3 Ba6 8. Bxa6 Qxa6 9. Nge2 g6 10. O-O Bg7 11. a4 O-O 12. Nb5 d6 13. Nc7 Qb7 14. Nxa8 Qxa8 15. Nc3 Na6 16. e4 Nb4 17. Qe2 Nd7 18. Nb5 Kh8 19. Bg5 Qd8 20. Ra3 f6 21. Bc1 f5 22. Rh3 fxe4 23. Qxe4 Rf5 24. Qh4 Rh5 25. Qg4 Ne5 26. Qe6 Rxh3 27. Qxh3 Nxd5 28. Bh6 Bf6 29. Qe6 Nb4 30. Rd1 Qg8 31. Qxg8+ Kxg8 32. a5 Na6 33. Bd2 Kf7 34. Bc3 Nc6 35. Nxd6+ exd6 36. Rxd6 Ncb8 37. Rxf6+ Ke7 38. Rb6 Kd7 39. Be5 1-0

[Event "Early-Titled-Tuesday-Blitz-January-16-2024"]
[Site "Chess.com"]
[Date "2024.01.16"]
[Round "3"]
[White "Nf3c5"]
[Black "DarZay"]
[Result "1-0"]
[WhiteElo "2553"]
[BlackElo "2246"]
[TimeControl "180+1"]
[EndTime "8:28:55 PST"]
[Termination "Nf3c5 won by resignation"]

1. d4 d5 2. Nf3 Bf5 3. c4 e6 4. Nc3 Nf6 5. Qb3 dxc4 6. Qxb7 Nbd7 7. e3 Bd6 8. Bxc4 O-O 9. Qc6 Nb6 10. Be2 Rb8 11. O-O e5 12. Nxe5 Bxe5 13. dxe5 Nfd7 14.
f4 Qh4 15. b3 Rfd8 16. Rd1 Nf8 17. Ba3 Ng6 18. g3 Qh6 19. Rxd8+ Rxd8 20. Rd1 Rxd1+ 21. Bxd1 Nd7 22. Nd5 Be6 23. Qa8+ Ngf8 24. Bxf8 Bxd5 25. Qxd5 Nxf8 26. Kg2 Qa6 27. Qd2 Ne6 28. Bf3 g6 29.
g4 Qa3 30. h4 Nc5 31. f5 gxf5 32. gxf5 Qb4 33. Qxb4 1-0

[Event "Early-Titled-Tuesday-Blitz-January-16-2024"]
[Site "Chess.com"]
[Date "2024.01.16"]
[Round "3"]
[White "Herman-NY"]
[Black "Reynold9402"]
[Result "0-1"]
[WhiteElo "2484"]
[BlackElo "2278"]
[TimeControl "180+1"]
[EndTime "8:28:55 PST"]
[Termination "Reynold9402 won by checkmate"]

1. e4 c5 2. Nf3 e6 3. d4 cxd4 4. Nxd4 a6 5. Bd3 Bc5 6. Nb3 Ba7 7. Qg4 Nf6 8. Qg3 d6 9. Nc3 Nc6 10. Bg5 h6 11. Be3 Bxe3 12. Qxe3 b5 13. O-O-O b4 14.
Na4 Rb8 15. f4 Qc7 16. g4 e5 17. f5 Bd7 18. Nd2 Na5 19. b3 Bxa4 20. bxa4 Qc3 21. Kb1 O-O 22. g5 b3 23. axb3 Nxb3 24. Nxb3 Rxb3+ 25. cxb3 Qxb3+ 26. Kc1 Qc3+ 27. Kb1 Rb8+ 28. Ka2 Qb2# 0-1

[Event "Early-Titled-Tuesday-Blitz-January-16-2024"]
[Site "Chess.com"]
[Date "2024.01.16"]
[Round "3"]
[White "Chernyavsky_A"]
[Black "ZuraTqebuchava"]
[Result "1-0"]
[WhiteElo "2417"]
[BlackElo "2160"]
[TimeControl "180+1"]
[EndTime "8:28:58 PST"]
[Termination "Chernyavsky_A won by checkmate"]

1. c4 e5 2. Nc3 Nf6 3. g3 Bb4 4. Bg2 Bxc3 5. bxc3 d6 6. e4 Nbd7 7. d3 h6 8. f4 O-O 9. Nf3 Nc5 10. O-O Bg4 11. Be3 exf4 12. gxf4 b6 13. Qc2 Qd7 14. f5 Bxf3 15. Rxf3 Nh7 16. Rg3 Kh8 17. d4 Na6 18. e5 Rae8 19. f6 gxf6 20. Bxh6 Rg8 21. Rf1 Rxg3 22. hxg3 dxe5 23. Be4 Ng5 24. Rxf6 Nxe4 25.
Qxe4 Rg8 26. Qh4 Qg4 27. Bg7+ Kxg7 28. Qh6# 1-0

[Event "Early-Titled-Tuesday-Blitz-January-16-2024"]
[Site "Chess.com"]
[Date "2024.01.16"]
[Round "3"]
[White "SujanaLohani"]
[Black "supereagles1201"]
[Result "0-1"]
[WhiteElo "1986"]
[BlackElo "2370"]
[TimeControl "180+1"]
[EndTime "8:28:58 PST"]
[Termination "supereagles1201 won on time"]

1. d4 d5 2. Nf3 Nf6 3. c4 c6 4. cxd5 cxd5 5. g3 Nc6 6. Bg2 Bf5 7.
O-O e6 8. a3 h6 9. b4 Be7 10.
Nc3 O-O 11. Bf4 Rc8 12. Rc1 Ne4 13. Qb3 Bf6 14. e3 g5 15. Be5 Be7 16. h3 Nxc3 17. Rxc3 Be4 18. g4 Bxf3 19. Bxf3 Nxe5 20. dxe5 Qb6 21. Rd1 Rc6 22. e4 d4 23. Rcd3 Rd8 24.
Qb2 Rc4 25. Be2 Qc7 26. Rxd4 Rcxd4 27. Rxd4 Rxd4 28. Qxd4 Qc1+ 29. Kg2 Qxa3 30. b5 Kg7 31. Qd7 Bc5 32. Qxb7 Qb2 33. Kf3 Qc3+ 34. Kg2 Qd4 35. Bd1 Qxd1 36. Qc6 Qd4 0-1

[Event "Early-Titled-Tuesday-Blitz-January-16-2024"]
[Site "Chess.com"]
[Date "2024.01.16"]
[Round "3"]
[White "queen_iryna"]
[Black "maurovargas01"]
[Result "1-0"]
[WhiteElo "2352"]
[BlackElo "1854"]
[TimeControl "180+1"]
[EndTime "8:28:59 PST"]
[Termination "queen_iryna won on time"]

1. e4 d5 2. exd5 Qxd5 3. Nc3 Qa5 4. d4 c6 5. Bc4 Nf6 6. Ne2 Bf5 7. Bd2 Qc7 8. Ng3 Bg6 9. O-O e6 10. Qe2 Bd6 11. Bg5 Nbd7 12. Rad1 h6 13. Bc1 h5 14.
Rfe1 h4 15. Nf1 Bh5 16. f3 h3 17.
g3 O-O-O 18. Ne4 Be7 19. Bf4 Qb6 20. c3 e5 21. Nxf6 Bxf6 22. Be3 e4 23. d5 c5 24.
Qf2 Bxf3 25. Be2 Bg2 26. b4 Be7 27. Bg4 Rhf8 28. bxc5 Bxc5 29. Bxc5 Qxc5 30. Qxc5+ Kb8 31. Bxd7 f5 32. Qd6+ Ka8 33. Rb1 f4 34. Qc7 Rb8 35.
Bc6 f3 36. Bxb7+ 1-0

[Event "Early-Titled-Tuesday-Blitz-January-16-2024"]
[Site "Chess.com"]
[Date "2024.01.16"]
[Round "3"]
[White "Chiquitita23"]
[Black "bitter-cikolata"]
[Result "0-1"]
[WhiteElo "2194"]
[BlackElo "2550"]
[TimeControl "180+1"]
[EndTime "8:29:00 PST"]
[Termination "bitter-cikolata won on time"]

1. e4 c5 2. c3 Nf6 3. e5 Nd5 4. Nf3 e6 5. d4 cxd4 6. cxd4 d6 7. Bc4 Nc6 8. O-O Be7 9. Qe2 O-O 10. Nc3 Nxc3 11. bxc3 dxe5 12. dxe5 Qc7 13. Bd3 b6 14. h4 Bb7 15. h5 Na5 16. h6 g6 17. Bd2 Rfd8 18.
Rfd1 Rac8 19. Nd4 Nc4 20. Bf4 Rd5 21. Be4 Rc5 22. Bxb7 Qxb7 23. Rac1 Qc7 24. Nf3 Na5 25. Qe4 Rc4 26. Qe3 Bc5 27. Qd2 Bf8 28. Bg5 Qc6 29. Bf6 Rg4 0-1

[Event "Early-Titled-Tuesday-Blitz-January-16-2024"]
[Site "Chess.com"]
[Date "2024.01.16"]
[Round "3"]
[White "Lennis93"]
[Black "Polish_fighter3000"]
[Result "0-1"]
[WhiteElo "2776"]
[BlackElo "3073"]
[TimeControl "180+1"]
[EndTime "8:29:03 PST"]
[Termination "Polish_fighter3000 won by resignation"]

1. d4 Nf6 2. c4 g6 3. Nc3 d5 4.
Nf3 Bg7 5. Bf4 O-O 6. Rc1 dxc4 7. e3 Be6 8. Ng5 Bd5 9. e4 h6 10. Nxd5 Nxd5 11. exd5 hxg5 12. Bxg5 Qxd5 13. Be3 b5 14.
Be2 Nc6 15. Bf3 Qd6 16. O-O Rad8 17. b3 Nxd4 18. Bxd4 Bxd4 19. bxc4 bxc4 20. Rxc4 Bxf2+ 21. Kh1 Qxd1 22. Bxd1 Bb6 23. Bb3 Kg7 24. Rcf4 e6 25. g3 Rd6 26. h4 f5 27. Re1 Kf6 28. g4 g5 29. Rf3 gxh4 30. gxf5 exf5 31. Rxf5+ Kxf5 32. Rf1+ Kg4 33. Rxf8 Be3 34. Rg8+ Kf3 35. Kh2 Bf4+ 36.
Kh3 Rd2 37. Rg2 Rxg2 38. Bd5+ Ke3 39. Bxg2 Bg3 40. Bc6 Kd4 41. Kg2 Kc5 42. Bd7 Kd6 43. Bc8 c5 44. Kf3 c4 45. Ke4 c3 46. Kd3 Be5 47.
Bf5 Ke7 48. Ke4 c2 49. Kxe5 c1=Q 50. Be4 a6 51. Bd3 a5 52. Kd4 a4 53. Bf5 a3 54.
Ke5 Kf8 0-1

[Event "Early-Titled-Tuesday-Blitz-January-16-2024"]
[Site "Chess.com"]
[Date "2024.01.16"]
[Round "3"]
[White "tomesao"]
[Black "bascheyaro"]
[Result "0-1"]
[WhiteElo "2507"]
[BlackElo "2804"]
[TimeControl "180+1"]
[EndTime "8:29:03 PST"]
[Termination "bascheyaro won by checkmate"]

1. d4 d5 2. Nf3 Nf6 3. Bf4 Bf5 4.
e3 e6 5. c4 Bxb1 6. Rxb1 Bb4+ 7. Ke2 Bd6 8. Bxd6 Qxd6 9. c5 Qd8 10. Ne5 O-O 11. f3 Nbd7 12. Nxd7 Qxd7 13. Kf2 b6 14.
Rc1 Qe7 15. Be2 e5 16. Qd2 exd4 17. Qxd4 Rfd8 18. Rhd1 g6 19. b4 Ne8 20. Rc2 Ng7 21.
Rdc1 Nf5 22. Qf4 Re8 23. cxb6 cxb6 24. g4 Qh4+ 25. Kg1 Rxe3 26. Rd1 Rae8 27. Bf1 d4 28. Rc7 Re1 29. Rxe1 Rxe1 30. Qd2 Ne3 31. Rc8+ Kg7 32.
Qxd4+ Qf6 33. Rg8+ Kxg8 34. Qxf6 Rxf1# 0-1

[Event "Early-Titled-Tuesday-Blitz-January-16-2024"]
[Site "Chess.com"]
[Date "2024.01.16"]
[Round "3"]
[White "Alexchess1984"]
[Black "Maxfan2008"]
[Result "0-1"]
[WhiteElo "2678"]
[BlackElo "2499"]
[TimeControl "180+1"]
[EndTime "8:29:03 PST"]
[Termination "Maxfan2008 won by resignation"]

1. e4 c5 2. Nf3 d6 3. d4 cxd4 4. Qxd4 Nc6 5. Bb5 Bd7 6. Bxc6 Bxc6 7. Nc3 Nf6 8. Bg5 e6 9. O-O-O Be7 10. Rhe1 O-O 11. Kb1 h6 12. Bh4 Qa5 13. Qd2 Qa6 14. Nd4 b5 15. Qd3 Rab8 16. f3 Rfc8 17. g4 Qb7 18. g5 hxg5 19. Bxg5 Nxe4 20. Bxe7 Nxc3+ 21. Qxc3 Bd5 22. Qe3 Qxe7 23. Nf5 Qc7 24. c3 Bxa2+ 25. Kxa2 exf5 26. Rd4 Qa5+ 27. Kb1 b4 28. cxb4 Rxb4 29. Qd2 Rcb8 30. Rxb4 Rxb4 31. Re8+ Kh7 32. Qg5 Rxb2+ 33. Kxb2 Qb5+ 34. Kc3 Qxe8 35. Qxf5+ Kg8 36. Qd5 Qe5+ 37. Qxe5 dxe5 0-1

[Event "Early-Titled-Tuesday-Blitz-January-16-2024"]
[Site "Chess.com"]
[Date "2024.01.16"]
[Round "3"]
[White "SashaKuzhilniy"]
[Black "GrumbleBruno"]
[Result "1-0"]
[WhiteElo "2667"]
[BlackElo "2459"]
[TimeControl "180+1"]
[EndTime "8:29:04 PST"]
[Termination "SashaKuzhilniy won by checkmate"]

1. e3 e5 2. d4 exd4 3. exd4 d5 4. Nc3 Bb4 5. Bd3 Ne7 6. Ne2 O-O 7. Bg5 f6 8. Bh4 Bf5 9. Bg3 Qd7 10. Qd2 c5 11. a3 Bxc3 12. Nxc3 Bxd3 13. Qxd3 c4 14. Qd2 Nbc6 15.
O-O Nf5 16. Ne2 Rae8 17. Rfe1 Re4 18. f3 Re7 19. Bf2 Rfe8 20. Nc3 Rxe1+ 21. Rxe1 Rxe1+ 22. Qxe1 Kf7 23. Qd2 Qe6 24. b3 cxb3 25. cxb3 Nfxd4 26. b4 a6 27. Kf1 Nf5 28. Nxd5 Nfe7 29.
Nc3 Qc4+ 30. Ne2 Ke8 31. h3 Qd5 32. Qc2 g6 33. Bc5 Kf7 34. Kf2 Qd7 35. Qc4+ Qd5 36. Qh4 h5 37. Qg3 Qd7 38. Qf4 Nd5 39. Qh6 Ne5 40.
Qf8+ Ke6 41. Nd4# 1-0

[Event "Early-Titled-Tuesday-Blitz-January-16-2024"]
[Site "Chess.com"]
[Date "2024.01.16"]
[Round "3"]
[White "carloseduar100"]
[Black "The_Straightforward_Rook"]
[Result "1-0"]
[WhiteElo "2260"]
[BlackElo "2465"]
[TimeControl "180+1"]
[EndTime "8:29:04 PST"]
[Termination "carloseduar100 won by checkmate"]

1. g3 d5 2. Bg2 Nf6 3. Nf3 c6 4. O-O Bg4 5. d4 Nbd7 6. Nbd2 e6 7. Re1 Bd6 8. e4 dxe4 9. Nxe4 Nxe4 10. Rxe4 Nf6 11.
Re2 O-O 12. c3 h6 13. Bd2 c5 14. dxc5 Bxc5 15. Qb3 Qb6 16. Rae1 Qxb3 17. axb3 a5 18.
Be3 Be7 19. Bd4 a4 20. b4 b5 21. Re5 Rfb8 22. h3 Bxf3 23. Bxf3 Ra6 24. Be2 a3 25. bxa3 Rxa3 26. Rxb5 Rba8 27. Bf3 Ra1 28. Rxa1 Rxa1+ 29. Kg2 Ra2 30. Rb7 Bd6 31. Bxf6 gxf6 32. c4 Rb2 33. c5 Be5 34. b5 Bd4 35. c6 Rxf2+ 36. Kh1 Be5 37.
Bh5 Bxg3 38. Bxf7+ Kg7 39. Bxe6+ Kg6 40. c7 Bxc7 41.
Rxc7 Rb2 42. Bd7 Kg5 43. Rc4 f5 44. Rc5 Kh4 45. Bxf5 Kg3 46. Rc3+ Kf4 47. Bd7 Rb1+ 48. Kg2 Rb2+ 49. Kf1 Rb1+ 50. Ke2 Rb2+ 51. Kd1 Ke5 52. Rd3 h5 53. Kc1 Rb4 54. Kc2 h4 55. Kc3 Rb1 56. Kc4 Ke4 57. Rd2 Ke3 58. Rd6 Kf4 59. b6 Kg3 60. Kc5 Rc1+ 61. Kb5 Rb1+ 62. Kc6 Kh2 63. Kb7 Rc1 64. Rc6 Rb1 65. Kc7 Kh1 66.
b7 Rb2 67. b8=Q Rg2 68. Rc1+ Kh2 69. Kd8+ Rg3 70. Bg4 Kg2 71. Qb2# 1-0

[Event "Early-Titled-Tuesday-Blitz-January-16-2024"]
[Site "Chess.com"]
[Date "2024.01.16"]
[Round "3"]
[White "RandomNoob04"]
[Black "Rsnr"]
[Result "0-1"]
[WhiteElo "2577"]
[BlackElo "2868"]
[TimeControl "180+1"]
[EndTime "8:29:05 PST"]
[Termination "Rsnr won by resignation"]

1. e4 c6 2. c4 d5 3. exd5 cxd5 4. d4 Nf6 5. Nc3 Nc6 6. Nf3 Be6 7. Qb3 Na5 8. Qb5+ Bd7 9. cxd5 e6 10. Qe2 Be7 11. dxe6 Bxe6 12. Qd1 O-O 13. Be2 Rc8 14. O-O Nd5 15. Bd2 Nc4 16. Bxc4 Rxc4 17. Qe2 Rc8 18. a3 Nxc3 19. Bxc3 Bc4 20. Qe4 Bxf1 21. Rxf1 Bf6 22. Qxb7 Rc7 23. Qb3 Qd7 24. Ne5 Qf5 25. h3 h5 26. Re1 Rfc8 27. Re3 Re7 28. Rf3 Qe4 29.
Re3 Qb1+ 30. Kh2 Qf5 31. Rf3 Qe6 32. Qd1 Qd5 33. Rxf6 Rxe5 34. Rf3 Re6 35. Qd2 Rce8 36. Qd3 Re4 37. Rg3 g6 38. Qd2 Kh7 39. Rg5 Qd6+ 40. Kg1 Re2 41. Qd3 Re1+ 42. Bxe1 Rxe1+ 43. Qf1 Rxf1+ 44. Kxf1 Qxd4 45. Kg1 Qxb2 0-1

[Event "Early-Titled-Tuesday-Blitz-January-16-2024"]
[Site "Chess.com"]
[Date "2024.01.16"]
[Round "3"]
[White "GrotBchess"]
[Black "Actuary44"]
[Result "1/2-1/2"]
[WhiteElo "2283"]
[BlackElo "2500"]
[TimeControl "180+1"]
[EndTime "8:29:07 PST"]
[Termination "Game drawn by repetition"]

1. e4 b6 2. d4 Bb7 3. Bd3 e6 4.
c3 Nf6 5. Qe2 d5 6. e5 Nfd7 7.
h4 c5 8. Nf3 Nc6 9. Be3 Qc7 10.
O-O h6 11. a3 O-O-O 12. b4 c4 13. Bc2 f5 14. a4 Be7 15. a5 b5 16. a6 Ba8 17. h5 g6 18. hxg6 Rdg8 19. Bf4 Rxg6 20. Nbd2 Rhg8 21. Ne1 Rg4 22. Bh2 f4 23. Bd1 Bxb4 24.
cxb4 Nxd4 25. Qxg4 Rxg4 26. Bxg4 Qxe5 27. Nef3 Nxf3+ 28. Nxf3 Qf6 29. Rfe1 Nf8 30. Rad1 Kc7 31. Nd4 e5 32.
Nxb5+ Kb6 33. Nc3 d4 34. Na4+ Kb5 35. Nc5 Kxb4 36. Nb7 c3 37. Rb1+ Ka4 38. Nc5+ Ka5 39. Nb7+ Ka4 40. Nc5+ Ka5 41. Nb7+ Ka4 1/2-1/2

[Event "Early-Titled-Tuesday-Blitz-January-16-2024"]
[Site "Chess.com"]
[Date "2024.01.16"]
[Round "3"]
[White "Witik"]
[Black "Marcin"]
[Result "1-0"]
[WhiteElo "2780"]
[BlackElo "2496"]
[TimeControl "180+1"]
[EndTime "8:29:08 PST"]
[Termination "Witik won by resignation"]

1. d4 d5 2. c4 e6 3. Nc3 Be7 4. cxd5 exd5 5. Bf4 c6 6. e3 Nf6 7. Bd3 Nbd7 8. h3 O-O 9. Nf3 Re8 10. O-O Nf8 11.
Rb1 a5 12. a3 Ng6 13. Bh2 Bd6 14. Bxd6 Qxd6 15. Qc2 Ne7 16. Rfc1 g6 17. b4 axb4 18. axb4 Bf5 19. b5 Bxd3 20. Qxd3 Ra3 21. bxc6 bxc6 22. Qc2 Rea8 23. Ne5 Nd7 24. Nd3 Nf5 25. Ne2 Ra2 26.
Rb2 Ra1 27. Nef4 Nf6 28. Rxa1 Rxa1+ 29. Rb1 Rxb1+ 30. Qxb1 Ne4 31. Qb6 Kg7 32. Ne5 Ne7 33.
Nfd3 h5 34. Qb7 Qf6 35. Qd7 h4 36. Nf4 g5 37. Nh5+ Kh6 38. Nxf6 1-0

[Event "Early-Titled-Tuesday-Blitz-January-16-2024"]
[Site "Chess.com"]
[Date "2024.01.16"]
[Round "3"]
[White "epiclord678"]
[Black "MasterofMasters2006"]
[Result "0-1"]
[WhiteElo "2426"]
[BlackElo "2232"]
[TimeControl "180+1"]
[EndTime "8:29:08 PST"]
[Termination "MasterofMasters2006 won by resignation"]

1. e4 e5 2. Nf3 Nc6 3. Bb5 a6 4. Ba4 Nf6 5. O-O d6 6. c3 Bd7 7. Re1 g6 8. d4 Bg7 9. Nbd2 O-O 10. h3 Qe8 11. Bb3 Nh5 12. Nf1 Nf4 13. Be3 Kh8 14. Qd2 f5 15. Bxf4 fxe4 16. Rxe4 Rxf4 17. Rxf4 exf4 18.
Ng5 h6 19. Nf7+ Kh7 20. Qxf4 Na5 21. Bc2 Be6 22. Nxd6 cxd6 23. Qxd6 Qf7 24. Ne3 Nc4 25. Nxc4 Bxc4 26. Qg3 Re8 27. h4 h5 28. Qg5 Be2 29.
Rd1 Bh6 30. Qg3 Bxd1 31. Bxd1 Re1+ 32. Kh2 Rxd1 0-1

[Event "Early-Titled-Tuesday-Blitz-January-16-2024"]
[Site "Chess.com"]
[Date "2024.01.16"]
[Round "3"]
[White "FairChess_on_YouTube"]
[Black "NewBornNow"]
[Result "1-0"]
[WhiteElo "3080"]
[BlackElo "2779"]
[TimeControl "180+1"]
[EndTime "8:29:09 PST"]
[Termination "FairChess_on_YouTube won by resignation"]

1. Nf3 c5 2. c4 Nc6 3. Nc3 g6 4. e3 Bg7 5. d4 d6 6. Be2 Nf6 7. O-O O-O 8. d5 Na5 9. h3 e5 10. e4 Nh5 11. Re1 Nf4 12. Bxf4 exf4 13. Qd2 g5 14.
Bd3 a6 15. e5 dxe5 16. Nxe5 b5 17. cxb5 axb5 18. Bxb5 Rb8 19. d6 Be6 20. Rad1 Rb6 21. d7 Nb7 22. Nc6 Qxd7 23. Qxd7 Bxd7 24. Ne7+ Kh8 25. Bxd7 Rxb2 26. Ne4 c4 27. Nxg5 c3 28. Bf5 h6 29. Nf3 Nc5 30. Rd5 Ne6 31. Rd7 Nc5 32. Rc7 Na6 33. Rc4 Nb4 34. a3 Na2 35.
Nd5 Rd8 36. Nxf4 Rb3 37. Re7 Rxa3 38. Rxf7 Nc1 39. Rcc7 Rg8 40. Ng6+ Kh7 41. Ne7+ Kh8 42. Nxg8 Ne2+ 43. Kh2 1-0

[Event "Early-Titled-Tuesday-Blitz-January-16-2024"]
[Site "Chess.com"]
[Date "2024.01.16"]
[Round "3"]
[White "Vazabanga"]
[Black "AttilaTurzo"]
[Result "1-0"]
[WhiteElo "2693"]
[BlackElo "2479"]
[TimeControl "180+1"]
[EndTime "8:29:09 PST"]
[Termination "Vazabanga won by checkmate"]

1. d4 d5 2. Nf3 c6 3. g3 Bg4 4. Ne5 Bf5 5. Bg2 Nd7 6. f4 Ngf6 7. O-O e6 8. Nd2 Be7 9. c3 O-O 10. h3 c5 11. e3 Ne4 12. g4 Nxd2 13. Bxd2 Be4 14.
Qb3 Bxg2 15. Kxg2 Rb8 16. Qa4 Nxe5 17. dxe5 a6 18. Rad1 f6 19. exf6 Bxf6 20. e4 b5 21. Qc2 Qc7 22. Bc1 Rbd8 23. e5 Be7 24. Qe2 Qc6 25.
Qf3 g6 26. Kg1 Qb6 27. Rd2 c4+ 28. Kg2 d4 29. cxd4 Rxd4 30. Rxd4 Qxd4 31. Rd1 Qb6 32. Rd7 Rf7 33. Be3 Bc5 34. Rd6 Qa7 35. Rxe6 Bxe3 36. Qd5 Qd7 37. Rd6 Qe7 38. Rd8+ Kg7 39. e6 Rf6 40. Rd7 Rxe6 41. Qxe6 Qxd7 42. Qxd7+ Kf6 43.
g5# 1-0

[Event "Early-Titled-Tuesday-Blitz-January-16-2024"]
[Site "Chess.com"]
[Date "2024.01.16"]
[Round "3"]
[White "KSho99"]
[Black "PavelChernomordik"]
[Result "0-1"]
[WhiteElo "2193"]
[BlackElo "2421"]
[TimeControl "180+1"]
[EndTime "8:29:09 PST"]
[Termination "PavelChernomordik won on time"]

1. Nf3 g6 2. e4 Bg7 3. d4 d6 4. c3 Nf6 5. Bd3 c5 6. O-O Bg4 7. Nbd2 Nc6 8. h3 Bd7 9. d5 Nb8 10. a4 O-O 11. Re1 Na6 12. c4 Nb4 13. Bb1 Nh5 14.
e5 Qc7 15. exd6 exd6 16. Ne4 Nf6 17. Ng3 Rfe8 18. Ra3 Rxe1+ 19. Qxe1 Re8 20. Qd1 h6 21. Re3 Qd8 22. b3 Bc8 23. Rxe8+ Qxe8 24. Bf4 Bf8 25. Qd2 Kh7 26. Kh2 Nd7 27. Ne4 Qd8 28. Nxd6 Bxd6 29. Bxd6 Qf6 30. Bg3 b6 31. Qe3 Qd8 32. Qf4 Kg7 33. Qd6 Qe8 34. Ne5 Nf6 35. f3 Nh5 0-1

[Event "Early-Titled-Tuesday-Blitz-January-16-2024"]
[Site "Chess.com"]
[Date "2024.01.16"]
[Round "3"]
[White "NowInChess"]
[Black "Kotlyar_K"]
[Result "1/2-1/2"]
[WhiteElo "2293"]
[BlackElo "2563"]
[TimeControl "180+1"]
[EndTime "8:29:10 PST"]
[Termination "Game drawn by repetition"]

1. e4 e5 2. Nf3 Nc6 3. d4 exd4 4. Bc4 Nf6 5. e5 d5 6. Bb5 Ne4 7. Nxd4 Bc5 8. O-O O-O 9. Nxc6 bxc6 10. Bxc6 Be6 11. Bxa8 Qxa8 12. Nd2 Rd8 13. Qe2 Bd4 14. Nf3 Bb6 15. c3 c5 16. Ng5 Bf5 17. Nxe4 Bxe4 18.
f3 c4+ 19. Be3 Bd3 20. Qf2 Bxe3 21. Qxe3 Bxf1 22. Rxf1 Qb7 23. e6 Re8 24. exf7+ Kxf7 25. Qg5 h6 26. Qh5+ Kf8 27. Rd1 Qxb2 28. Qf5+ Kg8 29. Qxd5+ Kh8 30. Qxc4 Qc2 31. Qd3 Qxa2 32. c4 Qa5 33. Qd5 Qc3 34. Qd4 Qa5 35. Qd5 Qc3 36.
Qd4 Qa5 37. Qd5 1/2-1/2

[Event "Early-Titled-Tuesday-Blitz-January-16-2024"]
[Site "Chess.com"]
[Date "2024.01.16"]
[Round "3"]
[White "Maus7"]
[Black "forevery0ung"]
[Result "0-1"]
[WhiteElo "2513"]
[BlackElo "2830"]
[TimeControl "180+1"]
[EndTime "8:29:11 PST"]
[Termination "forevery0ung won on time"]

1. e4 c6 2. d4 d5 3. e5 c5 4. dxc5 e6 5. a3 Bxc5 6. Qg4 g6 7.
Nf3 h5 8. Qf4 Nc6 9. Bd3 Nh6 10.
O-O Be7 11. c4 Nf5 12. cxd5 exd5 13. Nc3 Be6 14. Rd1 Qd7 15. Bxf5 gxf5 16. Be3 O-O-O 17. Nb5 Kb8 18. Nfd4 Nxd4 19. Nxd4 Rdg8 20. h3 Rg6 21. Qf3 Rhg8 22. Kh1 Bd8 23. Rg1 Bc7 24. Bf4 Bb6 25.
Rad1 Qa4 26. Be3 Qd7 27. b3 Bc7 28. Bf4 Qe7 29. b4 Rg4 30. Nb5 Qh4 31. Nxc7 Rxf4 32. Qc3 Rc4 33. Na6+ bxa6 34. Qe3 f4 35. Qe2 Bxh3 0-1

[Event "Early-Titled-Tuesday-Blitz-January-16-2024"]
[Site "Chess.com"]
[Date "2024.01.16"]
[Round "3"]
[White "semchik73"]
[Black "ScofieldMichael01"]
[Result "1-0"]
[WhiteElo "2404"]
[BlackElo "2591"]
[TimeControl "180+1"]
[EndTime "8:29:11 PST"]
[Termination "semchik73 won by checkmate"]

1. Nf3 Nf6 2. c4 g6 3. d4 Bg7 4. Nc3 O-O 5. e4 d6 6. Be2 Nbd7 7. O-O e5 8. dxe5 dxe5 9. h3 c6 10. Qd6 Ne8 11. Qd3 Qe7 12. Rd1 Nc5 13. Qc2 a5 14.
Be3 f5 15. exf5 Bxf5 16. Bxc5 Qxc5 17. Qb3 e4 18. Na4 Qe7 19. Nd4 Kh8 20. Nxf5 gxf5 21. Nb6 Rd8 22. Rxd8 Qxd8 23. Rd1 Qg5 24. Qg3 Qxg3 25.
fxg3 Bxb2 26. Rd7 Nf6 27. Rxb7 Be5 28. g4 f4 29. g5 Bd4+ 30. Kh2 f3 31. gxf3 Nh5 32.
Nd7 exf3 33. Nxf8 fxe2 34. Re7 Bc5 35. Rxe2 Bxf8 36. Re6 c5 37. Ra6 Kg7 38. Rxa5 Kg6 39.
h4 Nf4 40. Ra6+ Kh5 41. Rf6 Ng6 42. Kg3 Bg7 43. a4 Bxf6 44. gxf6 Ne5 45. a5 Nxc4 46. f7 Nxa5 47. f8=Q Nb7 48. Qf5+ Kh6 49. Qg5# 1-0

[Event "Early-Titled-Tuesday-Blitz-January-16-2024"]
[Site "Chess.com"]
[Date "2024.01.16"]
[Round "3"]
[White "Kopytkin"]
[Black "Zohid6"]
[Result "0-1"]
[WhiteElo "2386"]
[BlackElo "2817"]
[TimeControl "180+1"]
[EndTime "8:29:11 PST"]
[Termination "Zohid6 won on time"]

1. e4 e5 2. Nf3 Nf6 3. Nc3 Nc6 4. a3 d5 5. exd5 Nxd5 6. Bb5 Nxc3 7. bxc3 Bd6 8. d4 exd4 9. cxd4 O-O 10. O-O Bg4 11. Be2 Qf6 12. c3 h6 13. h3 Bh5 14. Rb1 Rab8 15.
Re1 Rfe8 16. Rb5 Bg6 17. Bf1 b6 18. Bd3 Rxe1+ 19. Nxe1 Re8 20. Nf3 Na5 21. Be3 Bxd3 22. Qxd3 Bxa3 23. Ne5 Bd6 24. f4 Qe6 25. f5 Qa2 26. f6 a6 27. Rb1 Bxe5 28. dxe5 Nc4 29. Bf4 Nxe5 30. Bxe5 Rxe5 31. fxg7 Qd5 32. Qg3 Rg5 33.
Qf2 Qc5 34. Ra1 a5 35. Qxc5 Rxc5 36. Ra3 Kxg7 37. Kf2 h5 38. Ke3 Kf6 39. Kd4 Ke6 40.
g3 Rd5+ 41. Ke4 Re5+ 42. Kd4 Re2 43. c4 f5 44. c5 Re4+ 45. Kd3 Rb4 46. cxb6 cxb6 0-1

[Event "Early-Titled-Tuesday-Blitz-January-16-2024"]
[Site "Chess.com"]
[Date "2024.01.16"]
[Round "3"]
[White "Adar_07"]
[Black "LevonAronian"]
[Result "0-1"]
[WhiteElo "2668"]
[BlackElo "3113"]
[TimeControl "180+1"]
[EndTime "8:29:12 PST"]
[Termination "LevonAronian won on time"]

1. e4 c5 2. Nf3 e6 3. d4 cxd4 4.
Nxd4 Nc6 5. Nc3 Qc7 6. Be3 a6 7. Qf3 Nf6 8. O-O-O Ne5 9. Qg3 b5 10. Bxb5 axb5 11. Ndxb5 Qb8 12. Bf4 d6 13. Rxd6 Bxd6 14. Nxd6+ Qxd6 15. Bxe5 Qc5 16. Rd1 Ng4 17. Bd6 Qg5+ 18. f4 Qg6 19. Nb5 f6 20. Qc3 Qxe4 21. h3 Nf2 22. Re1 Qb7 23. Nc7+ Kf7 24. Nxa8 Qxa8 25. Qc7+ Kg6 26. g4 Qd5 27. Bb4 h5 28.
gxh5+ Kh7 29. Rg1 Rg8 30. h6 Kxh6 31. Bf8 Kh5 32. Bxg7 e5 33. fxe5 fxe5 34. Qe7 Nxh3 0-1